Map: Kairos Junction LE

Players

lIlIlIlIIIll

  • Race: Protoss Protoss
  • League: Grandmaster
  • Spawn Location: 11:00

Lambo - Winner!

  • Race: Zerg Zerg
  • League: Grandmaster
  • Spawn Location: 5:00

VOD

Have the link to the VOD?

Description

Time

  • Played on: Feb. 10, 2019, 5:52 a.m.
  • Length: 10:00
Show
View Real Time Build Order
Export as new Build Order

lIlIlIlIIIll Protoss 

Build Orders: Nexus First, Oracle Opening, Phoenix Opening 

Get SALT Encoding   

  12  0:00  Probe  
  13  0:12  Probe  
  14  0:19  Pylon  
  14  0:24  Probe  
  15  0:33  Probe  
  15  0:41  Probe  
  17  0:59  Nexus  
  17  1:09  Gateway  
  17  1:14  Probe, Assimilator  
  18  1:22  Probe  
  18  1:32  Probe  
  19  1:36  Assimilator  
  20  1:44  Probe  
  21  1:54  Probe  
  21  1:56  Cybernetics Core  
  22  2:02  Probe  
  22  2:03  Pylon  
  23  2:11  Probe x2  
  25  2:22  Stalker  
  25  2:23  Probe x2  
  27  2:33  Warp Gate  
  27  2:35  Probe x2  
  31  2:39  Stargate  
  31  2:47  Probe x2  
  33  2:52  Adept  
  35  2:59  Probe  
  35  3:00  Probe  
  37  3:11  Probe, Assimilator x2  
  37  3:12  Probe  
  39  3:13  Oracle  
  39  3:15  Pylon  
  39  3:16  Gateway  
  39  3:24  Probe  
  39  3:26  Probe  
  44  3:33  Pylon  
  44  3:39  Stargate  
  44  3:40  Probe  
  45  3:43  Probe  
  46  3:49  Pylon  
  46  3:52  Probe, Phoenix  
  49  3:55  Probe  
  50  4:04  Probe  
  50  4:08  Probe  
  52  4:13  Phoenix  
  52  4:15  Phoenix  
  52  4:17  Probe  
  53  4:20  Probe  
  58  4:27  Adept x2  
  58  4:29  Probe  
  63  4:32  Probe  
  63  4:37  Phoenix  
  64  4:39  Pylon  
  64  4:40  Phoenix  
  70  4:51  Nexus  
  68  4:57  Phoenix  
  68  4:59  Twilight Council  
  68  5:05  Phoenix  
  72  5:08  Zealot  
  72  5:12  Shield Battery  
  74  5:14  Pylon  
  74  5:18  Probe x2  
  74  5:20  Protoss Air Weapons Level 1  
  76  5:32  Robotics Facility  
  76  5:33  Probe x2  
  78  5:38  Dark Shrine  
  78  5:45  Probe  
  79  5:52  Sentry, Zealot  
  83  5:58  Pylon  
  83  5:59  Probe x2  
  85  6:04  Forge  
  85  6:06  Gateway  
  85  6:07  Probe  
  85  6:08  Pylon  
  87  6:11  Probe x2, Charge  
  88  6:20  Probe  
  88  6:22  Robotics Bay  
  88  6:23  Immortal, Probe  
  90  6:28  Sentry, Zealot  
  90  6:30  Shield Battery  
  98  6:44  Probe  
  99  6:49  Gateway  
  99  6:52  Dark Templar x2, Gateway  
  99  6:54  Colossus  
  103  6:56  Probe x2  
  103  6:59  Photon Cannon  
  105  7:03  Assimilator  
  105  7:06  Assimilator  
  105  7:07  Photon Cannon  
  105  7:13  Zealot  
  113  7:17  Shield Battery  
  113  7:19  Probe x2  
  115  7:26  Dark Templar  
  117  7:51  Probe x2  
  117  7:56  Pylon  
  117  7:57  Pylon  
  115  7:59  Colossus  
  115  8:02  Dark Templar  
  115  8:06  Dark Templar, Archon x2  
  117  8:17  Zealot x3  
  129  8:20  Gateway, Extended Thermal Lance  
  129  8:22  Gateway  
  129  8:25  Gateway  
  129  8:26  Gateway  
  111  8:36  Zealot  
  111  8:41  Zealot x4  
  91  8:52  Photon Cannon  
  85  9:04  Sentry, Zealot x3  
  86  9:21  Zealot x2  
  86  9:22  Zealot x2  
  88  9:33  Zealot x3  
  85  9:42  Zealot x4  
Show
View Real Time Build Order
Export as new Build Order

Lambo Zerg - Winner!

Build Orders: Hatch First 

Get SALT Encoding   

  12  0:00  Drone  
  13  0:14  Overlord  
  13  0:18  Drone  
  14  0:32  Drone  
  15  0:44  Hatchery  
  15  0:48  Drone  
  15  0:52  Drone  
  15  0:55  Drone  
  17  1:00  Drone  
  18  1:09  Extractor  
  17  1:15  Spawning Pool  
  17  1:18  Drone  
  17  1:21  Drone  
  18  1:31  Drone  
  19  1:42  Drone  
  20  1:56  Overlord  
  20  1:57  Drone  
  21  2:02  Queen x2  
  21  2:04  Zergling x2  
  26  2:09  Drone  
  26  2:13  Metabolic Boost  
  26  2:14  Drone  
  28  2:18  Drone  
  29  2:25  Drone  
  31  2:37  Drone, Hatchery  
  31  2:41  Drone  
  31  2:42  Drone  
  32  2:46  Overlord  
  32  2:56  Queen  
  32  2:57  Drone  
  35  3:00  Zergling x2  
  36  3:06  Drone  
  36  3:08  Zergling x2  
  36  3:09  Drone x2  
  36  3:10  Drone x2  
  42  3:15  Overlord  
  42  3:17  Drone  
  44  3:20  Drone  
  44  3:33  Queen  
  46  3:34  Lair  
  46  3:35  Drone x3  
  49  3:42  Roach Warren  
  49  3:43  Drone  
  49  3:44  Drone  
  50  3:50  Extractor, Drone  
  50  3:51  Extractor  
  50  3:52  Drone x2  
  50  3:53  Drone  
  50  3:54  Drone  
  53  3:57  Spore Crawler  
  53  3:59  Drone  
  53  4:02  Spore Crawler  
  53  4:03  Spore Crawler  
  53  4:04  Drone x2  
  53  4:06  Drone  
  53  4:08  Drone  
  53  4:09  Drone  
  57  4:11  Drone  
  58  4:19  Spore Crawler  
  58  4:20  Drone  
  58  4:27  Overlord x2  
  59  4:33  Overlord  
  59  4:35  Overlord x2  
  59  4:37  Hydralisk Den  
  58  4:39  Overseer  
  58  4:46  Drone x3  
  58  4:47  Drone x2  
  58  4:48  Drone  
  58  4:49  Extractor, Drone  
  58  4:50  Drone  
  65  4:56  Overlord  
  65  5:00  Overlord  
  65  5:10  Hydralisk x6  
  65  5:12  Muscular Augments  
  76  5:15  Overlord  
  76  5:17  Hydralisk  
  78  5:23  Overlord  
  78  5:24  Hydralisk  
  78  5:25  Hydralisk  
  78  5:27  Overlord  
  81  5:29  Hydralisk  
  81  5:33  Drone x3  
  84  5:37  Hydralisk x2  
  84  5:40  Drone  
  89  5:45  Drone x4  
  91  5:54  Drone x5  
  95  5:59  Hydralisk x3  
  101  6:04  Extractor  
  101  6:06  Hydralisk x2  
  101  6:07  Overlord  
  104  6:17  Hydralisk  
  106  6:19  Zergling x10  
  106  6:22  Hydralisk  
  106  6:24  Grooved Spines  
  113  6:26  Zergling x2  
  113  6:29  Hydralisk  
  113  6:31  Hydralisk  
  118  6:38  Hydralisk x2  
  122  6:41  Overlord  
  122  6:42  Hydralisk  
  122  6:46  Hydralisk  
  122  6:47  Zergling x10  
  129  6:53  Overlord x2  
  129  6:54  Overlord  
  129  7:02  Overlord  
  129  7:09  Hydralisk x2  
  129  7:10  Hydralisk x2  
  129  7:12  Hydralisk x3  
  143  7:17  Hydralisk  
  143  7:22  Hydralisk, Zergling x2  
  146  7:23  Zergling x6  
  146  7:28  Hydralisk x2  
  153  7:35  Overseer x2  
  153  7:36  Hydralisk  
  148  7:38  Zergling x4  
  148  7:40  Overseer  
  148  7:42  Zergling x10  
  154  7:48  Hydralisk  
  144  7:53  Hydralisk x2  
  147  7:59  Hydralisk x2  
  147  8:00  Zergling x10  
  156  8:07  Hydralisk  
  156  8:09  Overlord  
  156  8:10  Hydralisk, Overlord  
  156  8:12  Zergling x2  
  161  8:18  Overlord  
  161  8:24  Hydralisk  
  161  8:26  Hydralisk x3  
  161  8:27  Hydralisk  
  157  8:31  Overseer x2  
  157  8:32  Hydralisk  
  157  8:33  Zergling x2  
  150  8:40  Hydralisk x3  
  147  8:41  Zergling x8  
  147  8:42  Zergling x2  
  147  8:47  Overseer, Hydralisk  
  154  8:48  Zergling x2  
  148  8:55  Baneling Nest  
  148  8:59  Hydralisk  
  148  9:00  Zergling x10  
  148  9:08  Extractor  
  147  9:12  Drone x6  
  147  9:16  Evolution Chamber  
  146  9:18  Evolution Chamber  
  146  9:23  Drone x2  
  144  9:30  Hydralisk  
  144  9:31  Hydralisk, Zergling x6  
  143  9:35  Hydralisk x2  
  143  9:36  Zergling x2  
Tags
 
Add a new tag
Caveats
  • Supply blocks, unpowered buildings, or Contaminate may cause inaccurate times.
  • Supply counts are checked every 10 seconds.